 Dungeon Crawl Stone Soup version 0.30.0-3-ga4e48a9924 (webtiles) character file.

Game seed: 6206997461558909066

19494 jtron the Cleaver (level 12, -2/96 HPs)
             Began as a Demonspawn Wanderer on May 7, 2023.
             Was a High Priest of Qazlal.
             Slain by a skeletal warrior
             ... wielding a +0 short sword
              (3 damage)
             ... on level 12 of the Dungeon.
             The game lasted 00:39:56 (13363 turns).

jtron the Cleaver (Demonspawn Wanderer)            Turns: 13363, Time: 00:39:57

Health: -2/96      AC: 15    Str: 21    XL:     12   Next: 37%
Magic:  0/14       EV: 18    Int: 15    God:    Qazlal [*****.]
Gold:   1384       SH:  6    Dex: 18    Spells: 11/11 levels left

rFire   + . .        a - +6 war axe "Asso" {drain, rF+ rC- rN+ Str+2}
rCold   x . .        (no shield)
rNeg    + . .        G - +2 ring mail "Ruirese" {Will+ Str+3}
rPois   .            (no helmet)
rElec   .            (no cloak)
rCorr   .            (no gloves)
SInv    .            (no boots)
Will    ++...        z - amulet of Beghy {RegenMP Will+ Regen+ Dex+3 Slay+3}
Stlth   +            p - +5 ring of evasion
HPRegen 1.16/turn    N - +4 ring of protection
MPRegen 0.68/turn

%: repel missiles, guardian spirit
@: about to teleport, protected from physical damage
A: claws 2, foul stench 3, magic shield, magic regeneration, magic link, big
brain 1
a: Renounce Religion, Upheaval, Elemental Force, Disaster Area


You were on level 12 of the Dungeon.
You worshipped Qazlal.
Qazlal was extremely pleased with you.
You visited 3 branches of the dungeon, and saw 15 of its levels.

You collected 1384 gold pieces.

Inventory:

Hand Weapons
 a - the +6 war axe "Asso" (weapon) {drain, rF+ rC- rN+ Str+2}
   (You found it on level 8 of the Dungeon)

   Str:       It affects your strength (+2).
   rF:        It protects you from fire.
   rC:        It makes you vulnerable to cold.
   rN:        It protects you from negative energy.
 b - a +5 shortbow of flaming
 H - a +3 mace of protection
Missiles
 g - 115 stones
 m - 6 javelins (quivered)
 q - 28 poisoned darts
 J - 5 datura-tipped darts
Armour
 C - a +2 helmet
 G - the +2 ring mail "Ruirese" (worn) {Will+ Str+3}
   (You found it on level 7 of the Dungeon)

   Str:       It affects your strength (+3).
   Will:      It increases your willpower.
 M - a +1 troll leather armour
Jewellery
 p - a +5 ring of evasion (left claw)
 r - a ring of fire
 w - a ring of flight
 x - a ring of poison resistance
 y - a ring of magical power
 z - the amulet of Beghy (around neck) {RegenMP Will+ Regen+ Dex+3 Slay+3}
   (You acquired it on level 9 of the Dungeon)

   [amulet of magic regeneration]

   It increases your rate of magic regeneration.
   Dex:       It affects your dexterity (+3).
   Slay:      It affects your accuracy & damage with ranged weapons and melee
   (+3).
   Regen:     It increases your rate of health regeneration.
   Will:      It increases your willpower.
 N - a +4 ring of protection (right claw)
Wands
 v - a wand of paralysis (9)
 D - a wand of flame (8)
Scrolls
 d - 2 scrolls of blinking
 e - 2 scrolls of teleportation
 t - 2 scrolls of amnesia
 I - 2 scrolls of fear
 L - 2 scrolls of noise
Potions
 c - 3 potions of cancellation
 f - a potion of haste
 i - 2 potions of curing
 j - 5 potions of resistance
 k - 2 potions of attraction
 l - 2 potions of ambrosia
 n - 2 potions of brilliance
 s - a potion of magic
 A - 3 potions of berserk rage {unknown}
 B - 2 potions of lignification
 E - a potion of mutation
 K - a potion of flight


   Skills:
 * Level 9.4 Fighting
 + Level 10.4(11.6) Axes
 - Level 8.2(10.6) Maces & Flails
 + Level 1.0(5.2) Staves
 + Level 6.9 Ranged Weapons
 + Level 1.3 Throwing
 + Level 6.1 Armour
 + Level 4.2 Dodging
 + Level 3.4 Stealth
 - Level 1.0 Shields
 * Level 3.5 Invocations
 + Level 1.8 Evocations


You had 11 spell levels left.
You didn't know any spells.
Your spell library contained the following spells:

 Spells                   Type           Power      Damage    Failure   Level
 Apportation              Tloc           0%         N/A       38%         1
 Freeze                   Ice            0%         1d3       38%         1
 Frozen Ramparts          Ice            0%         1d1       77%         3
 Hailstorm                Conj/Ice       0%         3d3       77%         3
 Anguish                  Hex/Necr       0%         N/A       99%         4
 Cause Fear               Hex            0%         N/A       99%         4
 Alistair's Intoxication  Tmut/Pois      0%         N/A       100%        5
 Enfeeble                 Hex            0%         N/A       100%        7


Dungeon Overview and Level Annotations

Branches:
Dungeon (12/15)            Temple (0/1) D:6            Lair (1/5) D:11
    Orc (2/2) D:10
    Elf: Orc:2

Altars:
Gozag
Makhleb
Qazlal

Shops:
D:1 [   D:3 (   D:10 (   Orc:1 *


Innate Abilities, Weirdness & Mutations

You have very sharp fingernails.
You frequently emit foul miasma when damaged in melee.
When hurt, damage is shared between your health and your magic reserves.
You regenerate magic rapidly.
When low on magic, you restore magic in place of health.
You have an unusually large brain. (Int +2)


Message History

You hear a bellow! x2
A yak comes into view.
A yak comes into view.
The yak bellows!
A yak comes into view.
The skeletal warrior hits you with a +0 short sword!
You emit a cloud of foul miasma!
The skeletal warrior hits you from afar with a +1 heavy glaive!
You hit the skeletal warrior but do no damage.
The skeletal warrior hits you but does no damage.
The skeletal warrior hits you from afar with a +1 heavy glaive!
A yak comes into view.
You slash the skeletal warrior!
The skeletal warrior is lightly damaged.
The skeletal warrior barely misses you.
You barely miss the skeletal warrior.
The skeletal warrior is lightly damaged.
The skeletal warrior misses you.
The skeletal warrior hits you from afar with a +1 heavy glaive!
You hit the skeletal warrior but do no damage.
The skeletal warrior is lightly damaged.
The skeletal warrior hits you with a +0 short sword!!
You slash the skeletal warrior!
The skeletal warrior is lightly damaged.
The skeletal warrior hits you from afar with a +1 heavy glaive!!
* * * LOW HITPOINT WARNING * * *
You feel protected from physical attacks.
A skeletal warrior comes into view. It is wielding a +0 trident.
You block the skeletal warrior's attack.
Aiming: Paralyse
Press: ? - help, Shift-Dir - straight line, f - skeletal warrior
Aim: a skeletal warrior, wielding a +0 short sword (foul pestilence, lightly damaged, chance to affect: 3%)
The skeletal warrior resists with almost no effort.
The skeletal warrior hits you from afar with a +1 heavy glaive!!
* * * LOW HITPOINT WARNING * * *
The skeletal warrior hits you but does no damage.
As you read the scroll of teleportation, it crumbles to dust.
You feel strangely unstable.
The skeletal warrior hits you with a +0 short sword.
You die...

# #.##.# ...# #
#.##.# >...# #
###.##(##.....#
#.........#
#)#.##.#### #
####.#.##.# #
#..[.#.##.#
####
##.####.##.#
...#######..#
#@##.#
##.........##
#z##.#
######.....#
#z##.#
#.###....#Y#
#.# ###.#Y# ..#


zY# #.## #..# .. ##.. ... ##. You could see 3 skeletal warriors and 3 yaks.

Vanquished Creatures
  An orc warlord (D:10)
  The ghost of Maimakterion the Bludgeoner, a journeyman GrFi of Cheibriados (Orc:1)
  A boulder beetle (D:11)
  A two-headed ogre (D:9)
  An orc high priest (D:10)
  4 skeletal warriors
  An orc sorcerer (D:10)
  A cyclops (D:12)
  A gargoyle (D:12)
  A cane toad (Lair:1)
  A kobold demonologist (D:11)
  2 unseen horrors (D:11)
  A red devil (D:12)
  4 trolls
  Grinder (D:6)
  Prince Ribbit (D:6)
  2 slime creatures (D:12)
  2 vampires
  Sigmund (D:5)
  A shadow (D:12)
  A wyvern (D:9)
  Eustachio (D:5)
  2 wraiths
  7 yaks
  A steam dragon (D:6)
  3 vampire mosquitoes (D:11)
  Menkaure (D:5)
  An acid dragon (D:10)
  5 wargs
  4 water moccasins
  17 orc warriors
  An ice beast (D:7)
  2 black bears
  3 sky beasts
  4 ogres
  3 centaurs
  2 phantoms
  Blork the orc (D:6)
  A kobold brigand (D:8)
  5 scorpions
  7 wights
  13 killer bees (D:10)
  2 howler monkeys
  3 hounds
  8 orc priests
  3 jellies
  Jessica (D:2)
  2 gnoll boudas
  A sleepcap (D:6)
  7 iguanas
  16 orc wizards
  Robin (D:3)
  13 gnolls
  5 adders
  A shadow imp (D:8)
  3 white imps
  An ufetubus (D:5)
  3 worms
  3 dart slugs
  61 orcs
  8 endoplasms
  14 goblins
  5 hobgoblins
  7 jackals (D:1)
  4 quokkas
  4 ball pythons
  9 bats
  7 frilled lizards
  A hobgoblin zombie (D:3)
  14 kobolds
  A kobold skeleton (D:3)
  4 orc skeletons (D:3)
  2 orc zombies (D:3)
  3 rats
331 creatures vanquished.

Vanquished Creatures (collateral kills)
  A slime creature (D:12)
  An orc warrior (Orc:1)
2 creatures vanquished.

Vanquished Creatures (others)
  12 fungi (D:11)
  3 plants (D:11)
15 creatures vanquished.

Grand Total: 348 creatures vanquished

Notes
Turn   | Place    | Note
-------+----------+-------------------------------------------
     0 | D:1      | jtron the Demonspawn Wanderer began the quest for the Orb.
     0 | D:1      | jtron set off with the following items: a +0 quarterstaff,
                  | a +2 scale mail, a potion of curing, a scroll of blinking.
     0 | D:1      | Reached XP level 1. HP: 16/16 MP: 1/1
   179 | D:1      | Found Hayging's Armour Emporium.
   220 | D:1      | Gained mutation: You have sharp fingernails. [demonic
                  | ancestry]
   220 | D:1      | Reached XP level 2. HP: 22/22 MP: 2/2
   458 | D:1      | Gained mutation: You regenerate magic rapidly. [demonic
                  | ancestry]
   458 | D:1      | Reached XP level 3. HP: 24/27 MP: 3/3
   805 | D:2      | Reached skill level 1 in Maces & Flails
   935 | D:2      | Found a faded altar of an unknown god.
  1169 | D:2      | Found a stormy altar of Qazlal.
  1170 | D:2      | Noticed Jessica
  1178 | D:2      | Killed Jessica
  1179 | D:2      | Reached skill level 1 in Dodging
  1179 | D:2      | Gained mutation: When hurt, damage is shared between your
                  | health and your magic reserves. [demonic ancestry]
  1179 | D:2      | Reached XP level 4. HP: 33/34 MP: 4/4
  1185 | D:2      | Became a worshipper of Qazlal Stormbringer
  2102 | D:3      | Noticed an ogre
  2111 | D:3      | Killed an ogre
  2112 | D:3      | Reached XP level 5. HP: 10/39 MP: 1/5
  2234 | D:3      | Found Emikhl Zatei's Weapon Boutique.
  2659 | D:3      | Noticed Robin
  2662 | D:3      | Reached * piety under Qazlal
  2677 | D:3      | Killed Robin
  2678 | D:3      | Gained mutation: You may rarely emit foul miasma when
                  | damaged in melee. [demonic ancestry]
  2678 | D:3      | Reached XP level 6. HP: 45/46 MP: 6/6
  3113 | D:4      | You fall into a shaft and drop 1 floor!
  3113 | D:5      | Entered Level 5 of the Dungeon
  3127 | D:5      | Noticed a water moccasin
  3140 | D:5      | Killed a water moccasin
  3145 | D:5      | Noticed Sigmund
  3169 | D:5      | Noticed a water moccasin
  3192 | D:4      | Killed a water moccasin
  3193 | D:4      | Gained mutation: You sometimes emit foul miasma when
                  | damaged in melee. [demonic ancestry]
  3193 | D:4      | Reached XP level 7. HP: 11/52 MP: 3/7
  3735 | D:4      | Reached skill level 5 in Maces & Flails
  4419 | D:5      | Noticed Eustachio
  4439 | D:5      | Gained mutation: You frequently emit foul miasma when
                  | damaged in melee. [demonic ancestry]
  4439 | D:5      | Reached XP level 8. HP: 53/60 MP: 6/8
  4636 | D:5      | Reached ** piety under Qazlal
  4662 | D:5      | Reached skill level 5 in Armour
  4760 | D:5      | Killed Eustachio
  4877 | D:5      | Found a stormy altar of Qazlal.
  5151 | D:6      | Noticed Prince Ribbit
  5195 | D:6      | Killed Prince Ribbit
  5201 | D:6      | Noticed Blork the orc
  5227 | D:6      | Killed Blork the orc
  5347 | D:6      | Reached skill level 5 in Fighting
  5509 | D:6      | Identified the +0 leather armour of Qazlal's Pride {rF+ rN+
                  | Dex-5}
  5774 | D:6      | Noticed Grinder
  5806 | D:6      | Reached XP level 9. HP: 68/68 MP: 9/9
  5811 | D:6      | Killed Grinder
  5812 | D:6      | Reached skill level 1 in Shields
  6038 | D:6      | Found a staircase to the Ecumenical Temple.
  6401 | D:7      | Identified the +2 ring mail "Ruirese" {Will+ Str+3}
  6756 | D:7      | Reached skill level 1 in Ranged Weapons
  8090 | D:8      | Identified the +6 war axe "Asso" {drain, rF+ rC- rN+ Str+2}
  8546 | D:9      | Identified a scroll of acquirement
  8546 | D:9      | Acquired the amulet of Beghy {RegenMP Will+ Regen+ Dex+3
                  | Slay+3}
  8633 | D:9      | Reached skill level 1 in Axes
  8754 | D:9      | Reached *** piety under Qazlal
  8980 | D:9      | Reached skill level 2 in Axes
  8980 | D:9      | Gained mutation: You have an unusually large brain. (Int
                  | +2) [demonic ancestry]
  8980 | D:9      | Reached XP level 10. HP: 73/77 MP: 10/10
  9284 | D:9      | Noticed a two-headed ogre
  9289 | D:9      | Killed a two-headed ogre
  9290 | D:9      | Reached skill level 3 in Axes
  9290 | D:9      | Reached skill level 1 in Throwing
  9326 | D:9      | Found a burning altar of Makhleb.
  9510 | D:10     | Entered Level 10 of the Dungeon
  9640 | D:10     | Reached skill level 4 in Axes
  9730 | D:10     | Reached skill level 5 in Ranged Weapons
  9834 | D:10     | Reached **** piety under Qazlal
  9870 | D:10     | Reached skill level 5 in Axes
  9908 | D:10     | Found a staircase to the Orcish Mines.
 10048 | D:10     | Identified the +2 robe "Egamnot" {rC+ Dex+5}
 10080 | D:10     | Found Isaer's Antique Weapon Shop.
 10749 | D:5      | Killed Sigmund
 10750 | D:5      | Noticed Menkaure
 10757 | D:5      | Killed Menkaure
 10758 | D:5      | Reached skill level 6 in Axes
 11106 | Orc:1    | Entered Level 1 of the Orcish Mines
 11106 | Orc:1    | Noticed an orc warlord
 11106 | Orc:1    | Noticed an orc high priest
 11106 | Orc:1    | Noticed an orc sorcerer
 11110 | D:10     | Killed an orc sorcerer
 11111 | D:10     | Gained mutation: You have very sharp fingernails. [demonic
                  | ancestry]
 11111 | D:10     | Reached XP level 11. HP: 85/85 MP: 11/11
 11189 | D:11     | Noticed a skeletal warrior
 11189 | D:11     | Noticed a skeletal warrior
 11189 | D:11     | Noticed a skeletal warrior
 11223 | D:10     | Killed a skeletal warrior
 11376 | D:10     | Killed a skeletal warrior
 11377 | D:10     | Reached skill level 7 in Axes
 11438 | D:10     | Killed a skeletal warrior
 11495 | D:11     | Noticed a boulder beetle
 11511 | D:11     | Killed a boulder beetle
 11562 | D:11     | Reached skill level 8 in Axes
 11869 | D:11     | Found a staircase to the Lair.
 11872 | D:11     | Reached ***** piety under Qazlal
 12146 | Lair:1   | Entered Level 1 of the Lair of Beasts
 12162 | Lair:1   | Reached skill level 9 in Axes
 12264 | D:10     | Killed an orc warlord
 12417 | Orc:1    | Noticed a sun demon
 12429 | D:10     | Killed an orc high priest
 12430 | D:10     | Gained mutation: When low on magic, you restore magic in
                  | place of health. [demonic ancestry]
 12430 | D:10     | Reached XP level 12. HP: 40/94 MP: 8/12
 12624 | Orc:1    | Found a runed translucent gate.
 12624 | Orc:1    | Found a runed translucent gate.
 12625 | Orc:1    | Found a runed translucent gate.
 12626 | Orc:1    | Found an opulent altar of Gozag.
 12626 | Orc:1    | Noticed Maimakterion's ghost (journeyman GrFi)
 12629 | Orc:1    | Found Lyifug's Assorted Antiques.
 12811 | Orc:1    | Reached skill level 10 in Axes
 12832 | Orc:1    | Killed Maimakterion's ghost
 12918 | Orc:2    | Entered Level 2 of the Orcish Mines
 13362 | D:12     | HP: 1/96 [skeletal warrior/+1 heavy glaive (18)]
 13363 | D:12     | Slain by a skeletal warrior

Illustrated notes

Levels and vault maps discovered:
D:1:      dpeg_arrival_erosion, layout_basic, serial_shops, shop,
          serial_bayou_crossing
D:2:      layout_basic, shapermc_ecumenical_altar_hornbeckon, basic_altar,
          st_stairs_7, uniq_jessica
D:3:      layout_basic, nicolae_tso_besieged_by_evil, serial_shops,
          nicolae_shop_scrapyard, uniq_robin
D:4:      layout_basic
D:5:      layout_basic, gammafunk_temple_overflow_statue,
          hangedman_decor_lopped, uniq_menkaure, uniq_sigmund, uniq_eustachio
D:6:      layout_basic, minmay_temple_entry_fiery, corner_web_ring,
          st_stairs_12, uniq_blork_the_orc, uniq_grinder, uniq_prince_ribbit1
D:7:      layout_basic
D:8:      layout_loops_corners
D:9:      layout_stronghold, mainiacjoe_overflow_24_doors
D:10:     layout_basic, david_orc_1_choice, minmay_shop_grid_forest,
          minivault_19
D:11:     layout_rooms, grunt_lair_entry_orc_guard_hut,
          minmay_misc_feat_diagonals
D:12:     layout_rooms, einodemon_armed_red_devil_minivault
Lair:1:   layout_hall_layers
Orc:1:    layout_diamond_mine, basic_altar, ebering_ghost_gozag,
          dreamdust_deal_with_the_devil
Orc:2:    st_orc_pillars, layout_caves

Skill      XL: |  1  2  3  4  5  6  7  8  9 10 11 12 |
---------------+-------------------------------------+-----
Armour         | 4 5 6 |  6.1
Maces & Flails | 1 3 4 6 7 8 |  8.2
Dodging        | 1 2 3 4 |  4.2
Fighting       | 3 4 5 6 7 8 9 |  9.4
Stealth        | 2 3 |  3.4
Shields        | 1 |  1.0
Ranged Weapons | 3 5 6 |  6.9
Axes           | 2 6 9 10 | 10.4
Throwing       | 1 |  1.3
Invocations    | 3 |  3.5
Staves         | |  1.0
Evocations     | |  1.8

Action                     |  1- 3 |  4- 6 |  7- 9 | 10-12 || total
---------------------------+-------+-------+-------+-------++-------
  Melee: Quarterstaff      |    20 |       |       |       ||    20
         Mace              |   114 |   139 |   427 |       ||   680
         Punch             |     1 |       |     2 |     9 ||    12
         War axe           |       |       |    22 |   414 ||   436
   Fire: Shortbow          |       |       |    54 |    20 ||    74
  Throw: Stone             |     1 |       |       |       ||     1
         Javelin           |       |     5 |     5 |     4 ||    14
         Dart              |       |       |     2 |       ||     2
 Invoke: Upheaval          |       |       |     1 |       ||     1
         Elemental Force   |       |       |       |     3 ||     3
  Evoke: Wand              |       |     1 |    12 |     9 ||    22
    Use: Potion            |     1 |     5 |     2 |    11 ||    19
         Scroll            |       |     8 |    18 |     5 ||    31
   Stab: Paralysed         |       |       |    13 |     4 ||    17
 Armour: Scale mail        |    98 |   124 |   141 |       ||   363
         Ring mail         |       |       |    42 |    86 ||   128
         Skin              |       |       |       |     3 ||     3
  Dodge: Dodged            |    69 |   105 |   324 |   307 ||   805
         Repelled          |       |       |       |     1 ||     1
  Block: Other             |       |     2 |    54 |   117 ||   173
